 Dungeon Crawl Stone Soup version 0.30-a0-4-ga7cffc901d (webtiles) character file.

Game seed: 14253600940106399169

45 Setbun the Ducker (level 3, 0/28 HPs)
             Began as a Spriggan Berserker on Aug 20, 2022.
             Was a Follower of Trog.
             Frozen to death by an endoplasm (1 damage)
             ... on level 2 of the Dungeon.
             The game lasted 00:01:21 (1618 turns).

Setbun the Ducker (Spriggan Berserker)              Turns: 1618, Time: 00:01:22

Health: 0/28       AC:  2    Str: 13    XL:     3   Next: 42%
Magic:  4/4        EV: 19    Int:  8    God:    Trog [*.....]
Gold:   189        SH:  0    Dex: 16    Spells: 2/2 levels left

rFire   . . .      SeeInvis +    j - +0 dagger (holy)
rCold   . . .      Faith    .    (no shield)
rNeg    . . .      Spirit   .    b - +0 animal skin
rPois   .          Reflect  .    (helmet restricted)
rElec   .          Harm     .    (no cloak)
rCorr   .          Rampage  .    (gloves unavailable)
Will    .....                    (boots unavailable)
Stlth   ..........               (no amulet)
HPRegen 0.09/turn                (no ring)
MPRegen 0.09/turn                (no ring)

@: berserking, very quick
A: very small, no large weapons, unfitting armour, see invisible, speed 3
a: Renounce Religion, Berserk


You were on level 2 of the Dungeon.
You worshipped Trog.
Trog was aware of your devotion.
You visited 1 branch of the dungeon, and saw 2 of its levels.

You collected 189 gold pieces.

Inventory:

Hand Weapons
 a - a +0 short sword
 e - a +0 short sword of protection
 j - a +0 dagger of holy wrath (weapon)
Armour
 b - a +0 animal skin (worn)
Jewellery
 d - a ring of poison resistance
Scrolls
 f - 2 scrolls of amnesia {unknown}
 g - a scroll of immolation {unknown}
 k - a scroll of teleportation {unknown}
 l - a scroll of identify {unknown}
Potions
 c - a potion of magic {unknown}
 h - a potion of might {unknown}
 i - a potion of flight {unknown}
 m - a potion of curing {unknown}


   Skills:
 + Level 2.7 Fighting
 * Level 4.0 Short Blades
 + Level 4.5 Dodging
 + Level 2.0 Stealth


You had 2 spell levels left.
You didn't know any spells.
Your spell library was empty.

Dungeon Overview and Level Annotations

Branches:
Dungeon (2/15)

Altars:


Innate Abilities, Weirdness & Mutations

You are very small and have problems with some larger weapons.
You are too small for most types of armour.
You have supernaturally acute eyesight. (SInv)
You cover ground extremely quickly. (Speed+++)


Message History

You feel yourself speed up.
You start resting.
You recover from your berserk rage.
You start resting.
HP restored.
You start waiting.
Done waiting.
An endoplasm and an adder come into view.
There are monsters nearby!
There are monsters nearby!
There are monsters nearby!
Found 3 poisoned darts, a book of Vapours and an inky potion.
A worm comes into view.
You see here a bubbling green potion.
The helpless adder fails to defend itself.
You impale the adder!!
You kill the adder!
Trog accepts your kill. The endoplasm hits you.
Your Short Blades skill increases to level 4!
Your Stealth skill increases to level 2!
You hit the worm but do no damage. The endoplasm closely misses you.
The worm bites you.
You hit the worm.
The worm is lightly wounded.
Okay, then.
A red film seems to cover your vision as you go berserk!
You feel yourself moving faster!
You feel mighty! The endoplasm freezes you.
You are frozen.
The worm bites you!
* * * LOW HITPOINT WARNING * * *
You puncture the worm!
The worm is heavily wounded.
The endoplasm hits you.
* * * LOW HITPOINT WARNING * * *
You barely miss the worm.
The worm is heavily wounded.
The endoplasm freezes you.
You are frozen.
You die...

......#.# #.#
.######.# #.# .#
#.# #.# .# #.#
#.######### .# #.#
#.##......# .# #.#
#....### .### .#
#.####..#.#(#!...#
.# #.......##.J.#
#####...#:@#./#
#...##†w.##
......#.#.#
#..##.#### ..
#..##... ##
#..###..# #..# .##
#..#


You could see a worm and an endoplasm.

Vanquished Creatures
  2 adders (D:2)
  2 bats
  2 endoplasms (D:1)
  A giant cockroach (D:1)
  A goblin (D:1)
  2 hobgoblins (D:1)
  4 jackals
  A kobold (D:1)
  3 quokkas (D:1)
  2 ball pythons (D:1)
  3 frilled lizards (D:1)
  2 rats
25 creatures vanquished.

Vanquished Creatures (others)
  4 toadstools (D:1)
4 creatures vanquished.

Grand Total: 29 creatures vanquished

Notes
Turn   | Place    | Note
-------+----------+-------------------------------------------
     0 | D:1      | Setbun the Spriggan Berserker began the quest for the Orb.
     0 | D:1      | Reached XP level 1. HP: 11/11 MP: 2/2
   346 | D:1      | Found a faded altar of an unknown god.
   383 | D:1      | Reached skill level 1 in Stealth
   392 | D:1      | Reached XP level 2. HP: 16/16 MP: 3/3
  1229 | D:2      | Reached XP level 3. HP: 8/19 MP: 4/4
  1617 | D:2      | HP: 1/28 [endoplasm (2)]
  1618 | D:2      | Frozen to death by an endoplasm

Illustrated notes

Levels and vault maps discovered:
D:1:      eino_arrival_cavern_e, layout_basic, ebering_ecumenical_altar_rust,
          minmay_gold_behind_fungi
D:2:      layout_loops_ring, minivault_19, minmay_hexomino_f4

Skill      XL: |  1  2  3 |
---------------+----------+-----
Stealth        | 1 2 |  2.0
Short Blades   | 4 |  4.0
Fighting       | |  2.7
Dodging        | |  4.5

Action                   || total
-------------------------++-------
Melee: Short sword       ||    64
       Dagger            ||    37
Invok: Berserk           ||     2
 Stab: Sleeping          ||     8
Armor: Animal skin       ||    10
Dodge: Dodged            ||    68

Table legend: (Time is in decaauts)
 A = Elapsed time spent in this place.
 B = Non-inter-level travel time spent in this place.
 C = Inter-level travel time spent in this place.
 D = Time resting spent in this place.
 E = Time spent auto-exploring this place.
 F = Levels seen in this place.
 G = Mean time per level.
                   A        B        C        D        E       F      G
               +--------+--------+--------+--------+--------+-----+--------+
         Total |   1280 |   1266 |     14 |    370 |    727 |   2 |  640.0 |
       Dungeon |   1280 |   1266 |     14 |    370 |    727 |   2 |  640.0 |
               +--------+--------+--------+--------+--------+-----+--------+

Top non-repeatable levels by time:
     D:1: 828 daAuts
     D:2: 451 daAuts
